 Dungeon Crawl Stone Soup version 0.27.0-1-g7a089689b8 (webtiles) character file.

Game seed: 16699280276540921570

74 ZARRMARR the Chopper (level 4, -5/40 HPs)
             Began as a Hill Orc Monk on Aug 4, 2021.
             Slain by an iguana (8 damage)
             ... on level 2 of the Dungeon.
             The game lasted 00:04:33 (2434 turns).

ZARRMARR the Chopper (Hill Orc Monk)                Turns: 2434, Time: 00:04:33

Health: -5/40      AC:  2    Str: 14    XL:     4   Next: 30%
Magic:  4/4        EV: 12    Int: 10    God:
Gold:   100        SH:  0    Dex: 13    Spells: 3/3 levels left

rFire    . . .     SeeInvis .   a - +0 hand axe
rCold    . . .     Faith    .   (no shield)
rNeg     . . .     Spirit   .   b - +0 robe
rPois    .         Reflect  .   (no helmet)
rElec    .         Harm     .   (no cloak)
rCorr    .         Rampage  .   (no gloves)
Will     .....                  (no boots)
Stlth    ++........             (no amulet)
HPRegen  0.13/turn              (no ring)
MPRegen  0.09/turn              (no ring)

@: no status effects
A: no striking features
a: no special abilities


You were on level 2 of the Dungeon.
You visited 1 branch of the dungeon, and saw 2 of its levels.

You collected 100 gold pieces.

Inventory:

Hand Weapons
 a - a +0 hand axe (weapon)
Missiles
 h - 19 poisoned darts (quivered)
Armour
 b - a +0 robe (worn)
Magical Staves
 g - a staff of earth
Scrolls
 c - a scroll of teleportation {unknown}
 d - a scroll of fear {unknown}
 e - a scroll of noise {unknown}
 f - a scroll of identify {unknown}
Potions
 i - a potion of curing {unknown}


   Skills:
 + Level 4.3 Fighting
 + Level 5.3 Axes
 + Level 2.8 Dodging
 + Level 2.1 Stealth


You had 3 spell levels left.
You didn't know any spells.
Your spell library contained the following spells:

 Spells                   Type           Power      Damage    Failure   Level
 Freeze                   Ice            0%         1d3       36%         1
 Slow                     Hex            0%         N/A       50%         2
 Confusing Touch          Hex            0%         N/A       75%         3
 Frozen Ramparts          Ice            0%         1d2       75%         3
 Cause Fear               Hex            0%         N/A       98%         4
 Hailstorm                Conj/Ice       0%         3d3       98%         4
 Yara's Violent Unravell  Hex/Tmut       0%         3d3       100%        5
 Dragon Form              Tmut           0%         N/A       100%        7
 Dragon's Call            Summ           0%         N/A       100%        9


Dungeon Overview and Level Annotations

Branches:
Dungeon (2/15)

Altars:


Message History

The helpless iguana fails to defend itself.
You hit the iguana.
The iguana is moderately wounded.
The iguana bites you!
You hit the iguana but do no damage.
The iguana is moderately wounded.
The iguana bites you!
You barely miss the iguana.
The iguana is moderately wounded.
The iguana barely misses you.
You barely miss the iguana.
The iguana is moderately wounded.
The iguana bites you.
You closely miss the iguana.
The iguana is moderately wounded.
The iguana misses you.
You closely miss the iguana.
The iguana is moderately wounded.
The iguana barely misses you.
You hit the iguana but do no damage.
The iguana is moderately wounded.
The iguana bites you!
* * * LOW HITPOINT WARNING * * *
You hit the iguana.
The iguana is moderately wounded.
The iguana closely misses you.
You hit the iguana but do no damage.
The iguana is moderately wounded.
The iguana barely misses you.
You hit the iguana but do no damage.
The iguana is moderately wounded.
The iguana bites you.
* * * LOW HITPOINT WARNING * * *
You hit the iguana.
The iguana is severely wounded.
The iguana barely misses you.
You hit the iguana.
The iguana is severely wounded.
The iguana bites you!
You die...

#.#.........##.######
#.#......†..+........
#.#......[..##.######
#.####.#.......#.....
#.####.#..######.####
#......#..#....#.# #
#########
########..#.##.#.####
.........
#...#..#.##.#.....
#########
#@#.#..........###
.......#
#l#.#............#
.#####.#
#.#.#.....>......# .#
#.#
#.#.#.....####.#.. ##
#.#
#.#.#....<.......#
#.#
#.#....#..........
#.#
#.#######..[......
#.#
#.#...............
#.#
#>#.#####.####....


You could see an iguana.

Vanquished Creatures
  4 adders (D:2)
  A worm (D:2)
  3 dart slugs (D:1)
  4 ball pythons
  2 bats (D:2)
  3 endoplasms
  2 giant cockroaches (D:1)
  A goblin (D:2)
  A hobgoblin (D:2)
  5 kobolds
  A quokka (D:2)
  2 frilled lizards
  2 rats
31 creatures vanquished.

Notes
Turn   | Place    | Note
-------+----------+-------------------------------------------
     0 | D:1      | ZARRMARR the Hill Orc Monk began the quest for the Orb.
     0 | D:1      | Reached XP level 1. HP: 19/19 MP: 1/1
   409 | D:1      | Found a faded altar of an unknown god.
   416 | D:1      | Reached XP level 2. HP: 27/27 MP: 2/2
  1189 | D:2      | Reached XP level 3. HP: 27/33 MP: 3/3
  2039 | D:2      | Reached skill level 5 in Axes
  2054 | D:2      | Reached XP level 4. HP: 28/40 MP: 4/4
  2434 | D:2      | Slain by an iguana

Illustrated notes

Levels and vault maps discovered:
D:1:      heliophobic_arrival_dark_side_of_the_moon, layout_loops_corners,
          basic_ecumenical_altar
D:2:      layout_basic

Skill      XL: |  1  2  3 |
---------------+----------+-----
Fighting       | 4 |  4.3
Stealth        | 2 |  2.1
Axes           | 5 |  5.3
Dodging        | |  2.8

Action                   |  1- 3 |  4- 6 || total
-------------------------+-------+-------++-------
Melee: Hand axe          |    92 |    19 ||   111
Throw: Dart              |     4 |       ||     4
 Stab: Sleeping          |     7 |     2 ||     9
Armor: Robe              |    18 |     1 ||    19
Dodge: Dodged            |    41 |    10 ||    51
